 Dungeon Sprint DCSS version 0.18.1-50-g88ac8fd (webtiles) character file.

6000000 tyranidshit the Conqueror (level 25, -9/234 HPs)
             Began as a Demonspawn Abyssal Knight on Sept 14, 2016.
             Was the Champion of Makhleb.
             Mangled by The Servant
             ... wielding a +9 glaive of flaming
              (103 damage)
             ... in the Dungeon (Sprint VIII: "Arena of Blood").
             The game lasted 00:03:58 (60 turns).

tyranidshit the Conqueror (Demonspawn Abyssal Knight) Turns: 60, Time: 00:03:58

Health: -9/234     AC:  6    Str: 28    XL:     25   Next: 44%
Magic:  54/54      EV: 43    Int: 14    God:    Makhleb [******]
Gold:   0          SH:  0    Dex: 19    Spells: 0 memorised, 78 levels left

rFire  + . .     SeeInvis +     j - +∞ Axe of Woe
rCold  . . .     Gourm    .     b - +0 leather armour
rNeg   . . .     Faith    .     (shield currently unavailable)
rPois  .         Spirit   .     (no helmet)
rElec  .         Dismiss  .     (no cloak)
rCorr  .         Reflect  .     (no gloves)
SustAt .         Harm     .     (boots unavailable)
MR     +....     NoTele   +     (no amulet)
Stlth  ++++++++++               (no ring)
                                k - ring of see invisible

@: mighty, agile, repel missiles, somewhat resistant to hostile enchantments,
uncannily stealthy
A: talons 3, repulsion field 3, fire resistance 1, hurl damnation, nightstalker
3, powered by pain 3, flame cloud immunity
a: Damnation, Minor Destruction, Lesser Servant of Makhleb, Major Destruction,
Greater Servant of Makhleb, Renounce Religion


You were in the Dungeon.
You worshipped Makhleb.
Makhleb was exalted by your worship.
You were not hungry.

You visited 1 branch

Inventory:

Hand Weapons
 a - a +1 hand axe
 j - the +∞ Axe of Woe (weapon)
   (You found it in the Dungeon)
Armour
 b - a +0 leather armour (worn)
Jewellery
 k - a ring of see invisible (left hand)
Scrolls
 i - a scroll of blinking
Potions
 d - a potion of curing
 e - a potion of heal wounds
 f - a potion of haste
 g - 2 potions of magic
 h - a potion of berserk rage
Comestibles
 c - a bread ration


   Skills:
 O Level 27 Fighting
 O Level 27 Axes
 O Level 27 Throwing
 O Level 27 Armour
 O Level 27 Dodging
 O Level 27 Stealth
 O Level 27 Unarmed Combat
 O Level 27 Spellcasting
 O Level 27 Invocations


You had 78 spell levels left.
You didn't know any spells.

Dungeon Overview and Level Annotations

Branches:
Dungeon (1/1)

Altars:
Makhleb

Annotations:
D The Servant


Innate Abilities, Weirdness & Mutations

You have claws for feet.
You are surrounded by a strong repulsion field (EV +4, rMsl).
Your flesh is heat resistant.
You can hurl damnation.
You are completely attuned to the shadows.
You are powered by pain.
You are immune to clouds of flame.


Message History

You hear a shout! x3
An accursed comes into view.
You chop the large abomination into pieces!!!
You slaughter the large abomination joyfully.
You destroy the large abomination!
Makhleb accepts your kill.
You feel better.
The meat berserker is engulfed in roaring flames.
You hear a shout! x6
You slice the bag of meat!!
You dissect the bag of meat like a pig carcass.
You kill the bag of meat!
Makhleb accepts your kill.
You feel better.
The meat berserker is engulfed in roaring flames.
You hear a shout! x2
The accursed points at you and mumbles some strange words.
Something smites you!
The Servant hits you from afar with a +9 glaive of flaming!!!!
You die...

..%...§§o..##..
.#..).§§§.#.. C
.....%§§X.#...
##.#...)......
.....)%V....
....#.§%..##
.....§§@....
.....O§.x...
.M...@C.....
############


You could see an accursed, The Servant, a destroyer, a large bag of meat (inner
flame), a meat berserker (berserk) and a crawling corpse.

Vanquished Creatures
  3 vampire knights (D)
  9 ogres (D)
  35 orcs (D)
  4 hill giants (D)
  2 skeletal warriors (D)
  3 small abominations (D)
  A large abomination (D)
  2 crawling corpses (D)
59 creatures vanquished.

Vanquished Creatures (others)
  5 crawling corpses (D)
5 creatures vanquished.

Grand Total: 64 creatures vanquished

Notes
Turn   | Place    | Note
--------------------------------------------------------------
     0 | D        | tyranidshit the Demonspawn Abyssal Knight began the quest for the Orb.
     0 | D        | Reached XP level 1. HP: 18/18 MP: 2/2
     3 | D        | Noticed a meat berserker
     4 | D        | Noticed a bag of meat
     4 | D        | Fell from the grace of Lugonu
     4 | D        | Became a worshipper of Makhleb the Destroyer
     5 | D        | Noticed a bag of meat
     5 | D        | Noticed a bag of meat
     7 | D        | Killed a meat berserker
     7 | D        | Gained mutation: You are surrounded by a mild repulsion field (EV +2). [demonic ancestry]
     7 | D        | Reached XP level 2. HP: 58/58 MP: 2/10
     7 | D        | Gained mutation: You are slightly more attuned to the shadows. [demonic ancestry]
     7 | D        | Reached XP level 3. HP: 65/65 MP: 2/11
     7 | D        | Reached XP level 4. HP: 72/72 MP: 2/13
     7 | D        | Gained mutation: You are surrounded by a moderate repulsion field (EV +3). [demonic ancestry]
     7 | D        | Reached XP level 5. HP: 79/79 MP: 2/14
     7 | D        | Gained mutation: You have sharp toenails. [demonic ancestry]
     7 | D        | Reached XP level 6. HP: 87/87 MP: 2/16
     7 | D        | Reached XP level 7. HP: 93/93 MP: 2/17
     7 | D        | Reached XP level 8. HP: 101/101 MP: 2/18
     7 | D        | Gained mutation: You are significantly more attuned to the shadows. [demonic ancestry]
     7 | D        | Reached XP level 9. HP: 108/108 MP: 2/19
     7 | D        | Gained mutation: You are surrounded by a strong repulsion field (EV +4, rMsl). [demonic ancestry]
     7 | D        | Reached XP level 10. HP: 116/116 MP: 2/20
     7 | D        | Gained mutation: You sometimes gain a little power by taking damage. [demonic ancestry]
     7 | D        | Reached XP level 11. HP: 122/122 MP: 2/21
     7 | D        | Reached XP level 12. HP: 130/130 MP: 2/22
     7 | D        | Gained mutation: You have razor-sharp toenails. [demonic ancestry]
     7 | D        | Reached XP level 13. HP: 137/137 MP: 2/23
     8 | D        | Noticed a meat berserker
     9 | D        | Noticed a bag of meat
     9 | D        | Noticed a bag of meat
     9 | D        | Noticed a bag of meat
    10 | D        | Killed a bag of meat
    10 | D        | Reached * piety under Makhleb
    10 | D        | Reached skill level 5 in Dodging
    10 | D        | Reached skill level 15 in Invocations
    10 | D        | Killed a meat berserker
    10 | D        | Reached skill level 27 in Fighting
    10 | D        | Reached skill level 15 in Armour
    10 | D        | Reached XP level 14. HP: 153/153 MP: 2/27
    11 | D        | Noticed a bag of meat
    11 | D        | Killed a bag of meat
    11 | D        | Reached ** piety under Makhleb
    11 | D        | Gained mutation: You sometimes gain power by taking damage. [demonic ancestry]
    11 | D        | Reached XP level 15. HP: 159/159 MP: 2/29
    12 | D        | Noticed a large bag of meat
    13 | D        | Reached *** piety under Makhleb
    13 | D        | Gained mutation: Your flesh is heat resistant. [demonic ancestry]
    13 | D        | Reached XP level 16. HP: 167/167 MP: 3/31
    15 | D        | Reached **** piety under Makhleb
    15 | D        | Reached skill level 10 in Dodging
    15 | D        | Gained mutation: You have claws for feet. [demonic ancestry]
    15 | D        | Reached XP level 17. HP: 174/174 MP: 3/34
    16 | D        | Noticed a meat berserker
    16 | D        | Reached skill level 27 in Invocations
    18 | D        | Noticed a meat berserker
    18 | D        | Reached ***** piety under Makhleb
    18 | D        | Reached skill level 27 in Axes
    18 | D        | Killed a large bag of meat
    19 | D        | Noticed a meat berserker
    20 | D        | Reached skill level 27 in Armour
    20 | D        | Reached skill level 15 in Dodging
    20 | D        | Reached XP level 18. HP: 182/182 MP: 16/35
    20 | D        | Killed a meat berserker
    22 | D        | Killed a meat berserker
    22 | D        | Reached ****** piety under Makhleb
    22 | D        | Reached skill level 27 in Dodging
    22 | D        | Reached XP level 19. HP: 189/189 MP: 34/36
    22 | D        | Killed a meat berserker
    22 | D        | Reached skill level 10 in Stealth
    24 | D        | Noticed a large bag of meat
    24 | D        | Reached skill level 15 in Stealth
    24 | D        | Reached XP level 20. HP: 197/197 MP: 34/38
    24 | D        | Reached skill level 15 in Throwing
    24 | D        | Reached skill level 15 in Unarmed Combat
    24 | D        | Reached skill level 15 in Spellcasting
    25 | D        | Noticed a meat berserker
    28 | D        | Noticed a destroyer
    29 | D        | Killed a meat berserker
    29 | D        | Gained mutation: You are immune to clouds of flame. [demonic ancestry]
    29 | D        | Reached XP level 21. HP: 204/204 MP: 35/46
    37 | D        | Gained mutation: You can hurl damnation. [demonic ancestry]
    37 | D        | Reached XP level 22. HP: 212/212 MP: 48/50
    39 | D        | Reached skill level 27 in Stealth
    40 | D        | Noticed The Servant
    42 | D        | Reached skill level 27 in Throwing
    42 | D        | Reached skill level 27 in Unarmed Combat
    42 | D        | Reached skill level 27 in Spellcasting
    43 | D        | Noticed a destroyer
    43 | D        | Gained mutation: You are powered by pain. [demonic ancestry]
    43 | D        | Reached XP level 23. HP: 219/219 MP: 50/54
    44 | D        | Noticed a destroyer
    45 | D        | Killed a destroyer
    45 | D        | Killed a destroyer
    49 | D        | Reached XP level 24. HP: 65/227 MP: 54/54
    49 | D        | Killed a destroyer
    56 | D        | Gained mutation: You are completely attuned to the shadows. [demonic ancestry]
    56 | D        | Reached XP level 25. HP: 115/234 MP: 54/54
    59 | D        | Noticed an accursed
    60 | D        | Mangled by The Servant

Skill      XL: |  1  2  3  4  5  6  7  8  9 10 11 12 13 14 15 16 17 18 19 20 21 22 |
---------------+-------------------------------------------------------------------+-----
Fighting       | 23 27 | 27.0
Axes           | 12 16 18 22 25 27 | 27.0
Armour         | 12 15 17 20 23 27 | 27.0
Dodging        | 4 6 8 10 15 27 | 27.0
Invocations    | 14 18 20 23 26 27 | 27.0
Throwing       | 14 21 24 27 | 27.0
Stealth        | 15 22 26 27 | 27.0
Unarmed Combat | 14 21 24 27 | 27.0
Spellcasting   | 14 21 24 27 | 27.0

Action                   |  1- 3 |  4- 6 |  7- 9 | 10-12 | 13-15 | 16-18 | 19-21 | 22-24 | 25-27 || total
-------------------------+-------+-------+-------+-------+-------+-------+-------+-------+-------++-------
Melee: Executioner's axe |     1 |       |       |       |     3 |     5 |    10 |     8 |     4 ||    31
Dodge: Dodged            |       |       |       |       |       |     2 |       |     1 |       ||     3
